 Dungeon Crawl Stone Soup version 0.19-a0-1166-g02d67b9 (console) character file.

617 brucemayne the Basher (level 7, 0/105 HPs)
             Began as an Ogre Berserker on Aug 14, 2016.
             Was a Believer of Trog.
             Slain by Menkaure (23 damage)
             ... on level 7 of the Dungeon.
             The game lasted 00:05:36 (1368 turns).

brucemayne the Basher (Ogre Berserker)              Turns: 1368, Time: 00:05:37

Health: 0/105      AC:  6    Str: 28    XL:     7   Next: 45%
Magic:  7/7        EV: 10    Int:  8    God:    Trog [**....]
Gold:   82         SH:  0    Dex: 11    Spells: 0 memorised, 6 levels left

rFire  . . .     SeeInvis .     i - +0 whip (flame)
rCold  . . .     Gourm    .     b - +0 animal skin
rNeg   . . .     Faith    .     (no shield)
rPois  .         Spirit   .     (helmet restricted)
rElec  .         Dismiss  .     k - +2 cloak
rCorr  .         Reflect  .     (gloves unavailable)
MR     ++...     Harm     .     (boots unavailable)
Stlth  ..........               (no amulet)
                                (no ring)
                                f - +2 ring of intelligence

@: berserking, regenerating, very quick
A: unfitting armour, tough skin 1, no device heal 1
a: Berserk, Trog's Hand, Burn Spellbooks, Renounce Religion


You were on level 7 of the Dungeon.
You worshipped Trog.
Trog was pleased with you.
You were hungry.

You visited 1 branch of the dungeon, and saw 7 of its levels.

You collected 82 gold pieces.

Inventory:

Hand Weapons
 a - a +0 mace
 i - a +0 whip of flaming (weapon)
Armour
 b - a +0 animal skin (worn)
 k - a +2 cloak (worn)
Jewellery
 f - a +2 ring of intelligence (left hand)
Scrolls
 g - a scroll of immolation {unknown}
 h - a scroll of remove curse {unknown}
 j - a scroll of magic mapping {unknown}
 l - a scroll of fog {unknown}
 m - a scroll of teleportation {unknown}
 s - a scroll of enchant armour {unknown}
 t - a scroll of fear {unknown}
Potions
 d - 2 potions of lignification {unknown}
 e - a potion of cure mutation {unknown}
 o - a potion of magic {unknown}
 p - a potion of might {unknown}
Comestibles
 c - 2 bread rations
 q - a meat ration
 r - a royal jelly


   Skills:
 - Level 4.0 Fighting
 + Level 10.8 Maces & Flails
 - Level 2.6 Dodging


You had 6 spell levels left.
You didn't know any spells.

Dungeon Overview and Level Annotations

Branches:
Dungeon (7/15)
 Temple: D:4-7

Altars:
Dithmenos
Uskayaw

Annotations:
D:6 Tux's ghost, novice FeCK
D:7 Menkaure


Innate Abilities, Weirdness & Mutations

You are too large for most types of armour.
You have tough skin. (AC +1)
Potions and wands are less effective at restoring your health.


Message History

You continue eating. x2
You finish eating.
This raw flesh tastes terrible.
You see here an arrow.
You feel the effects of Trog's Hand fading.
Your skin stops crawling.
You feel less resistant to hostile enchantments.
Menkaure, Prince of Dust comes into view.
Menkaure sighs, "Let me perform the rites..."
Menkaure mumbles some strange words.
Menkaure seems to speed up.
Okay, then.
Your skin crawls.
You feel resistant to hostile enchantments.
You feel somewhat more hungry. Menkaure hits you!
* * * LOW HITPOINT WARNING * * *
A red film seems to cover your vision as you go berserk!
You feel yourself moving faster!
You feel mighty!
You are feeling hungry.
Menkaure hits you!!
You die...

### #.. #.# #####
#.# #.... #.#
#.... #.# #..#
######.#####..#
#.............#
#@####.###.#^<###.
#M# #.##.#...#...
#.# #.......())..
#.# ######.###.#.
#.# #.# ..# #..
#.# ..# ### #.#
..# #.# #). #.# ..


You could see Menkaure.

Vanquished Creatures
  A sky beast (D:5)
  An ice beast (D:5)
  A centaur (D:7)
  A giant frog zombie (D:6)
  A centaur zombie (D:6)
  A jelly (D:5)
  A hound (D:5)
  An orc priest (D:5)
  A centaur skeleton (D:6)
  3 orc wizards (D:5)
  A worker ant (D:5)
  An adder (D:6)
  2 oozes (D:6)
  2 giant geckos
  10 orcs
  2 bats (D:2)
  4 goblins
  3 hobgoblins
  3 jackals (D:4)
  2 quokkas
  3 kobolds
  2 rats
47 creatures vanquished.

Notes
Turn   | Place    | Note
-------+----------+-------------------------------------------
     0 | D:1      | brucemayne the Ogre Berserker began the quest for the Orb.
     0 | D:1      | Reached XP level 1. HP: 24/24 MP: 1/1
   131 | D:3      | Reached XP level 2. HP: 27/32 MP: 2/2
   288 | D:3      | Reached skill level 5 in Maces & Flails
   431 | D:2      | Reached XP level 3. HP: 35/39 MP: 3/3
   564 | D:5      | Entered Level 5 of the Dungeon
   595 | D:5      | Noticed a sky beast
   616 | D:5      | Killed a sky beast
   616 | D:5      | Reached skill level 7 in Maces & Flails
   616 | D:5      | Reached XP level 4. HP: 35/48 MP: 4/4
   616 | D:5      | Reached XP level 5. HP: 39/54 MP: 5/5
   626 | D:5      | Gained mutation: Potions and wands are less effective at restoring your health. [mutagenic meat]
   639 | D:5      | Noticed an ice beast
   664 | D:5      | Killed an ice beast
   664 | D:5      | Reached skill level 8 in Maces & Flails
   679 | D:5      | Noticed a hand axe
   679 | D:5      | Noticed a hand axe
   680 | D:5      | Found a hide-covered altar of Uskayaw.
   725 | D:6      | Noticed an orc warrior
   727 | D:6      | Reached XP level 6. HP: 52/62 MP: 6/6
   784 | D:5      | Reached ** piety under Trog
   812 | D:5      | Reached skill level 9 in Maces & Flails
  1087 | D:6      | Reached skill level 10 in Maces & Flails
  1087 | D:6      | Reached XP level 7. HP: 52/70 MP: 7/7
  1212 | D:6      | Found a shadowy altar of Dithmenos.
  1216 | D:6      | Noticed Tux's ghost (novice FeCK)
  1365 | D:7      | Noticed Menkaure
  1368 | D:7      | Slain by Menkaure

Vault maps used:
D:1:      ncdulo_wetmaze
D:2:      marbit_many_paths, first_bread
D:3:      johnstein_pakellas_dig
D:4:      fedhas_bush_and_centaur_altar
D:5:      kennysheep_mini, dancing_weapons_uskayaw, minitemple
D:6:      hangedman_cross_stitches, grunt_ministairs_1,
          nicolae_dithmenos_shadow_blocks
D:7:      overflow_temple_1_default, old_standard_altar, kennysheep_little_box,
          uniq_joseph, uniq_menkaure, uniq_crazy_yiuf_cottage

Skill      XL: |  1  2  3  4  5  6 |
---------------+-------------------+-----
Maces & Flails | 5 7 8 10 | 10.8
Fighting       | |  4.0
Dodging        | |  2.6

Action                   |  1- 3 |  4- 6 |  7- 9 || total
-------------------------+-------+-------+-------++-------
Melee: Mace              |    51 |       |       ||    51
       Whip              |    25 |    96 |    50 ||   171
Invok: Berserk           |     1 |     1 |     1 ||     3
       Trog's Hand       |       |     2 |     2 ||     4
 Stab: Distracted        |     1 |       |       ||     1
       Sleeping          |     1 |       |       ||     1
  Eat: Chunk             |       |     4 |     2 ||     6
Armor: Animal skin       |    15 |    22 |     6 ||    43
Dodge: Dodged            |    40 |    30 |    24 ||    94
